 Dungeon Crawl Stone Soup version 0.27-a0-148-g9515ab555c (webtiles) character file.

Game seed: 12879449307001036932

30 knot the Chopper (level 3, 19/29 HPs)
             Began as a Demonspawn Berserker on Jan 26, 2021.
             Was a Follower of Trog.
             Quit the game on level 2 of the Dungeon.
             The game lasted 00:01:12 (1521 turns).

knot the Chopper (Demonspawn Berserker)             Turns: 1521, Time: 00:01:12

Health: 19/29      AC:  3    Str: 17    XL:     3   Next: 5%
Magic:  3/3        EV: 12    Int:  9    God:    Trog [*.....]
Gold:   74         SH:  0    Dex: 12    Spells: 2/2 levels left

rFire    + . .     SeeInvis .   a - +0 hand axe
rCold    . . .     Faith    .   (no shield)
rNeg     . . .     Spirit   .   b - +0 animal skin
rPois    .         Reflect  .   (no helmet)
rElec    .         Harm     .   (no cloak)
rCorr    .         Rampage  .   (no gloves)
Will     .....                  e - +0 pair of boots (curse)
Stlth    +.........             (no amulet)
HPRegen  0.09/turn              i - ring of protection from fire
MPRegen  0.08/turn              (no ring)

@: no status effects
A: claws 1, demonic magic 1
a: Renounce Religion, Berserk


You were on level 2 of the Dungeon.
You worshipped Trog.
Trog was aware of your devotion.
You visited 1 branch of the dungeon, and saw 2 of its levels.

You collected 74 gold pieces.

Inventory:

Hand Weapons
 a - a +0 hand axe (weapon)
Missiles
 f - 37 stones
 g - 26 sling bullets
Armour
 b - a +0 animal skin (worn)
 e - a cursed +0 pair of boots (worn)
Jewellery
 i - a ring of protection from fire (left claw)
 k - a +6 ring of dexterity {unknown}
Scrolls
 c - a scroll of fear {unknown}
 d - a scroll of enchant armour {unknown}
Potions
 h - a potion of attraction {unknown}
 j - 2 potions of might {unknown}
 l - 2 potions of curing {unknown}
 m - a potion of haste {unknown}


   Skills:
 - Level 3.0 Fighting
 + Level 3.8 Axes
 - Level 1.7 Armour
 - Level 1.7 Dodging


You had 2 spell levels left.
You didn't know any spells.
Your spell library was empty.

Dungeon Overview and Level Annotations

Branches:
Dungeon (2/15)

Altars:


Innate Abilities, Weirdness & Mutations

You have sharp fingernails.
Spells you cast may paralyse adjacent enemies.


Message History

A dart slug comes into view.
The dart slug launches a dart at you. The slug dart hits you.
There is an open door here.
You hit the dart slug.
The dart slug is heavily wounded.
The dart slug closely misses you.
You hit the dart slug but do no damage.
The dart slug is heavily wounded.
The dart slug launches a dart at you. The slug dart hits you.
You hit the dart slug.
You kill the dart slug!
Trog accepts your kill.
You have reached level 3!
Your experience leads to an increase in your attributes!
Increase (S)trength, (I)ntelligence, or (D)exterity?
You feel clever.
Your demonic ancestry asserts itself...
A menacing aura infuses your magic.
Are you sure you want to abandon this character and quit the game? (Confirm with "yes".)

#. #.## #. #+## #.#< #. #...##
#... #.### ##.....## ####.
#.#.## ##.......# ##.###
#....####......... ###...##
#.......'......... .......
##...####.@†...... ##...#.
##.## ##.......# ##.... ##.#
##.....## ##... #..# #...##
#... #.## #+## ##.. #.# #.#
#.. #.##########.# #.#
#####.##.........## #.#
#.........#####...##########.#


There were no monsters in sight!

Vanquished Creatures
  A worm (D:2)
  A dart slug (D:2)
  A leopard gecko (D:1)
  A giant cockroach (D:1)
  3 goblins (D:1)
  5 jackals (D:1)
  4 kobolds (D:1)
  2 bats
  6 rats (D:1)
24 creatures vanquished.

Notes
Turn   | Place    | Note
-------+----------+-------------------------------------------
     0 | D:1      | knot the Demonspawn Berserker began the quest for the Orb.
     0 | D:1      | Reached XP level 1. HP: 18/18 MP: 1/1
   387 | D:1      | Gained mutation: You have sharp fingernails. [demonic
                  | ancestry]
   387 | D:1      | Reached XP level 2. HP: 24/24 MP: 2/2
  1521 | D:2      | Gained mutation: Spells you cast may paralyse adjacent
                  | enemies. [demonic ancestry]
  1521 | D:2      | Reached XP level 3. HP: 19/29 MP: 3/3
  1521 | D:2      | Quit the game

Illustrated notes

Levels and vault maps discovered:
D:1:      heliophobic_arrival_ceremonial_halls, layout_loops_cross,
          minmay_misc_feat_chi, nrook_uturn
D:2:      layout_loops_corners

Skill      XL: |  1 |
---------------+----+-----
Axes           | 3 |  3.8
Fighting       | |  3.0
Armour         | |  1.7
Dodging        | |  1.7

Action                   || total
-------------------------++-------
Melee: Hand axe          ||    72
Invok: Berserk           ||     2
Armor: Animal skin       ||    12
Dodge: Dodged            ||    44

Table legend: (Time is in decaauts)
 A = Elapsed time spent in this place.
 B = Non-inter-level travel time spent in this place.
 C = Inter-level travel time spent in this place.
 D = Time resting spent in this place.
 E = Time spent auto-exploring this place.
 F = Levels seen in this place.
 G = Mean time per level.
                   A        B        C        D        E       F      G
               +--------+--------+--------+--------+--------+-----+--------+
         Total |   1554 |   1530 |     24 |    241 |   1126 |   2 |  777.0 |
       Dungeon |   1554 |   1530 |     24 |    241 |   1126 |   2 |  777.0 |
               +--------+--------+--------+--------+--------+-----+--------+

Top non-repeatable levels by time:
     D:1: 1281 daAuts
     D:2: 273 daAuts
